[Event "ETCC Open 2023"]
[Site "Budva"]
[Date "2023.11.13"]
[Round "3.27"]
[White "Adams, Michael"]
[Black "Livaic, Leon"]
[Result "1-0"]
[ECO "C02"]
[WhiteElo "2670"]
[BlackElo "2553"]
[Annotator "TA"]
[PlyCount "139"]
[EventDate "2023.11.10"]
[EventType "team-tourn"]
[EventCountry "MNE"]
[SourceTitle "playchess.com"]
[Source "ChessBase"]
[SourceQuality "1"]
[WhiteTeam "England"]
[BlackTeam "Croatia"]
[WhiteTeamCountry "ENG"]
[BlackTeamCountry "CRO"]
[TimeControl "40/5400+30:1800+30"]

1. e4 e6 2. d4 d5 3. e5 c5 4. c3 Nc6 5. Nf3 Qb6 6. Be2 cxd4 7. cxd4 Nge7 8. Na3 Nf5 9. Nc2 Bd7 10. O-O Rc8 11. Kh1 {[%emt 0:04:19] 11.Bd3 is a critical line. C02: French: Advance Variation.} Na5 12. b3 Bb5 {[%emt 0:03:18] [#]} 13. Bf4 $5 $146 {[%emt 0:03:10][%mdl 8] The position is equal. An interesting novelty.} ({Predecessor:} 13. Bb2 Nc6 14. h3 a6 15. g4 Nfe7 16. Kg2 Ng6 17. Kg3 h5 18. Bxb5 Qxb5 19. Qd2 {1-0 Durarbayli,V (2606)-Meier,G (2621) EU-ch Online KO Final 2020 (1.1)}) 13... Nc6 14. Bxb5 Qxb5 15. Rc1 h6 16. h3 Be7 17. Ne3 Nxe3 18. fxe3 Ba3 19. Rc2 O-O 20. Nh2 Ne7 $1 21. Rcf2 Rc1 22. Qg4 {[%emt 0:03:17] Threatens to win with Rxc1.} Rxf1+ 23. Nxf1 Kh7 24. Ng3 Qd3 25. Kh2 (25. Nh5 {looks sharper.} Qb1+ 26. Kh2 Qg6 27. Qe2) 25... Qg6 {[%emt 0:02:03] Hoping for ...Qxg4.} 26. Qe2 a6 {[%emt 0:02:52] Against Qb5} 27. h4 Kg8 28. h5 Qh7 29. Nf1 (29. Rf1 $11) 29... Nc6 $15 30. Qg4 Kh8 31. Bg3 Qd3 32. Bh4 Be7 33. Bxe7 Nxe7 34. Qh4 Nf5 35. Qf4 Qd1 36. g4 Ne7 $1 37. Ng3 Qe1 38. Kg2 f6 $2 (38... Qb1 $11 {and Black is okay.}) 39. exf6 $18 Rxf6 40. Qb8+ Ng8 41. Rxf6 (41. Rc2 $1 $18 {[%cal Rc2c8] and the rest is easy. White wants to mate with Rc8.} Qb1 42. Rc8 (42. Re2 Rf7 $11)) 41... gxf6 $16 42. Qxb7 $18 {[%emt 0:00:00][%mdl 4096] Endgame KQN-KQN} Qd2+ 43. Kf3 {[%emt 0:00:00] White is more active.} Qd1+ {[%emt 0:00:00] [#]} 44. Kf2 $1 (44. Kf4 e5+ 45. dxe5 fxe5+ 46. Kxe5 Qxg4 47. Kxd5 Qxg3 48. Qxa6 Qf3+ 49. Kd4 Qxh5 $17) 44... Qd2+ 45. Ne2 Qxa2 46. Qb6 e5 {[%emt 0:00:00] [#]} 47. Qb7 (47. dxe5 $1 $18 fxe5 48. Qe6) 47... Qa5 (47... exd4 $16 {was called for.} 48. exd4 (48. Qxd5 dxe3+ 49. Kxe3 Qa1 $14) 48... a5) 48. Qd7 Qb5 $2 (48... Qb4 49. Qxd5 exd4 50. exd4 (50. Nxd4 Qd2+ 51. Kf3 Qh2 $16) (50. Qxd4 Qxb3 51. Nf4 Qc2+ 52. Kg3 Qc7 $14) 50... Ne7) 49. Qxb5 axb5 {[%emt 0:00:00] KN-KN} 50. Nc3 Ne7 51. Nxb5 Nc6 {[%emt 0:00:00] [#]} 52. e4 $1 Nb4 (52... dxe4 53. d5) 53. exd5 Nxd5 54. dxe5 fxe5 55. Kf3 Kg7 56. Ke4 Nf6+ 57. Kf5 e4 58. Nd4 e3 59. b4 Kf7 60. b5 {[%emt 0:00:21] White threatens b6 and mate.} Ke7 61. Ne2 (61. b6 $142 Ne8 62. Kg6 Nd6 63. g5 Kf8 64. Kxh6 Nf7+ 65. Kg6 Ne5+ 66. Kh7) 61... Nd5 62. Kg6 Nf6 63. Kf5 (63. g5 $142 hxg5 64. b6 (64. Kxg5 Nxh5 65. Kxh5 Kd6 $11) 64... Nd7 65. h6 (65. Kxg5 Nxb6 66. h6 Kf7 $11) 65... Kd8 66. b7 Kc7 67. Kg7 (67. Kxg5 Nf8 $16) 67... g4 68. h7) 63... Nd5 $1 64. Kg6 (64. Ke4 $18 Nf6+ 65. Kf5) 64... Nf6 $1 65. g5 {[%emt 0:00:03] White mates.} hxg5 66. h6 ({Stronger than} 66. Kxg5 Nxh5 67. Kg6 (67. Kxh5 Kd6 $11) 67... Kd7 $11) 66... Nd7 67. Kg7 ({Not} 67. Kxg5 Kf7 68. Kf4 Kg6 $18) 67... Nf8 68. b6 Ne6+ 69. Kg8 Nf4 70. b7 {[%emt 0:00:29] Weighted Error Value: White=0.16 (very precise) /Black=0.44} 1-0

[Event "ETCC Open 2023"]
[Site "Budva"]
[Date "2023.11.13"]
[Round "3.28"]
[White "Bosiocic, Marin"]
[Black "Haria, Ravi"]
[Result "1-0"]
[ECO "D38"]
[WhiteElo "2537"]
[BlackElo "2508"]
[Annotator "RC"]
[PlyCount "133"]
[EventDate "2023.11.10"]
[EventType "team-tourn"]
[EventCountry "MNE"]
[SourceTitle "playchess.com"]
[Source "ChessBase"]
[SourceQuality "1"]
[WhiteTeam "Croatia"]
[BlackTeam "England"]
[WhiteTeamCountry "CRO"]
[BlackTeamCountry "ENG"]
[TimeControl "40/5400+30:1800+30"]

1. d4 d5 2. c4 e6 3. Nf3 Nf6 4. Nc3 Bb4 5. cxd5 exd5 6. Bf4 Ne4 7. Rc1 Nd7 8. Nd2 Nxc3 9. bxc3 Ba3 10. Rb1 Nb6 11. e3 Bf5 12. Rb3 Bd6 13. Qf3 Be6 14. Qg3 O-O 15. Bxd6 cxd6 16. Bd3 Qe7 17. O-O Rac8 18. Rfb1 Rc6 19. Ra3 a6 20. Rab3 Qc7 21. h4 Rb8 22. h5 h6 23. f4 Nc4 24. Nf3 Na5 25. f5 Bxf5 26. Bxf5 Nxb3 27. Rxb3 Re8 28. Qe1 b5 29. Qd2 Qe7 30. Kf2 Rc7 31. Bb1 Qe6 32. Qd3 Kf8 33. Ra3 Rc6 34. Rb3 Rc7 35. a4 bxa4 36. Ra3 Rec8 37. Bc2 Qg4 38. Qxa6 Qxh5 39. Qxd6+ Kg8 40. Bd3 g6 41. Qb4 Rc6 42. Qxa4 Rf6 43. Kg3 Rcc6 44. Qa8+ Kg7 45. Qb8 Rb6 46. Qe5 Qh1 47. Ra6 Rxa6 48. Bxa6 h5 49. Kf2 Qc1 50. Kg3 Qxc3 51. Bb7 h4+ 52. Kh2 Qb2 53. Bxd5 Qf2 54. e4 Qf1 55. Nxh4 Kf8 56. Qb8+ Kg7 57. Qg3 Kf8 58. Nf3 Qc1 59. Qb8+ Kg7 60. Qe5 Qh6+ 61. Kg3 Qe3 62. Bc6 g5 63. Bd7 Kg6 64. Bf5+ Kg7 65. Bg4 Kg6 66. Bh5+ Kg7 67. Qxg5+ 1-0

[Event "ETCC Open 2023"]
[Site "Budva"]
[Date "2023.11.13"]
[Round "3.29"]
[White "Dragnev, Valentin"]
[Black "Sargissian, Gabriel"]
[Result "1/2-1/2"]
[ECO "C89"]
[WhiteElo "2589"]
[BlackElo "2686"]
[Annotator "TA"]
[PlyCount "60"]
[EventDate "2023.11.10"]
[EventType "team-tourn"]
[EventCountry "MNE"]
[SourceTitle "playchess.com"]
[Source "ChessBase"]
[SourceQuality "1"]
[WhiteTeam "Austria"]
[BlackTeam "Armenia"]
[WhiteTeamCountry "AUT"]
[BlackTeamCountry "ARM"]
[TimeControl "40/5400+30:1800+30"]

1. e4 e5 2. Nf3 Nc6 3. Bb5 a6 4. Ba4 Nf6 5. O-O Be7 6. Re1 b5 7. Bb3 O-O 8. c3 d5 9. exd5 Nxd5 10. Nxe5 Nxe5 11. Rxe5 c6 12. Re1 Bd6 13. d3 Bf5 14. Qf3 (14. g3 {simplifies} Re8 15. Be3 Nxe3 16. fxe3 Qc7 17. Rf1) 14... Qh4 {[%emt 0:00:45] C89: Closed Ruy Lopez: Marshall Attack.} 15. g3 (15. Bxd5 Bxh2+ 16. Kf1 Bg4 $15) 15... Qh3 16. Nd2 Rae8 $1 17. Ne4 Bg4 18. Qg2 Qxg2+ 19. Kxg2 {[%emt 0:00:02] next h3 is good for White.} f5 $132 {[%emt 0:00:30][%mdl 2048] Black is not keeping still} 20. h3 Bh5 ({Resist} 20... fxe4 21. hxg4 exd3 22. Rxe8 Rxe8 23. Be3 $16) 21. Bf4 ({Wrong is} 21. Bxd5+ $2 cxd5 22. Bf4 Bxf4 $19) 21... Bxf4 ({Much less strong is} 21... fxe4 22. Bxd6 Rf6 23. dxe4 Bf3+ 24. Kf1 Rxd6 25. exd5 Rxe1+ 26. Rxe1 Bxd5 27. Bxd5+ Rxd5 28. Re6 $16) 22. gxf4 {[%emt 0:00:08] Black must now prevent Bxd5+.} fxe4 23. dxe4 {[%emt 0:00:07][%mdl 64] [#] Pin} Bf3+ $1 {[%emt 0:00:44][%mdl 64] Decoy} 24. Kxf3 Rxf4+ 25. Kg3 Rfxe4 26. Rxe4 Rxe4 {[%emt 0:00:06] [#]} 27. Kf3 $5 $146 {[%emt 0:00:35][%mdl 8] An interesting novelty.} ({Predecessor:} 27. a4 Re2 28. axb5 axb5 29. Bxd5+ cxd5 30. Rd1 Rxb2 31. Rxd5 Rb3 32. f3 Rxc3 33. Rxb5 {½-½ Radjabov,T (2758)-Ding,L (2811) FIDE World Cup 2019 (7.1)}) 27... Rf4+ 28. Kg3 {[%emt 0:00:59] [#] Threatens to win with Bxd5+.} Re4 29. Kf3 Rf4+ 30. Kg3 {[%emt 0:00:03] Hoping for Bxd5+.} Re4 {[%emt 0:00:15] Weighted Error Value: White=0.06 (flawless) /Black=0.02 (flawless)} 1/2-1/2

[Event "ETCC Open 2023"]
[Site "Budva"]
[Date "2023.11.13"]
[Round "3.30"]
[White "Melkumyan, Hrant"]
[Black "Ragger, Markus"]
[Result "1/2-1/2"]
[ECO "A16"]
[WhiteElo "2650"]
[BlackElo "2615"]
[Annotator "TA"]
[PlyCount "85"]
[EventDate "2023.11.10"]
[EventType "team-tourn"]
[EventCountry "MNE"]
[SourceTitle "playchess.com"]
[Source "ChessBase"]
[SourceQuality "1"]
[WhiteTeam "Armenia"]
[BlackTeam "Austria"]
[WhiteTeamCountry "ARM"]
[BlackTeamCountry "AUT"]
[TimeControl "40/5400+30:1800+30"]

1. Nf3 Nf6 2. c4 g6 3. Nc3 d5 4. cxd5 Nxd5 5. h4 Bg7 6. e4 {[%emt 0:00:20] A16: English Opening: 1...Nf6 with ...d5.} Nxc3 7. dxc3 Qxd1+ 8. Kxd1 {[%emt 0:00:07] White is slightly better.} Nd7 {[%emt 0:00:26][%cal Bb8d7,Bd7c5,Bc5a4][%mdl 32] The main line 8...Nd7 scores better than 8...Bg4.} 9. Bc4 Nc5 10. Re1 e5 {[%emt 0:13:18] [#]} 11. b4 $146 ({Predecessor:} 11. Kc2 Be6 12. Bxe6 Nxe6 13. Be3 f6 14. a4 a5 15. Nd2 Bf8 16. Nc4 Be7 17. g3 {0-1 Raja,R (2364)-Khusenkhojaev,M (2442) Hyderabad op 3rd 2019 (6)}) 11... Be6 12. Bf1 Na4 13. Kc2 Nb6 14. a4 a5 15. Be3 Nc4 16. Bxc4 Bxc4 17. Nd2 Be6 18. bxa5 Rxa5 19. Nb3 Bxb3+ 20. Kxb3 Kd7 {[%emt 0:00:05] The position is equal.} 21. c4 Rha8 22. Red1+ Ke6 23. Rd5 c6 24. Rxa5 Rxa5 $11 {[%emt 0:00:03][%mdl 4096] Endgame KRB-KRB} 25. Rd1 {[%emt 0:00:07] [#] aiming for Rd8.} Bf6 {[%emt 0:05:30] Prevents Rd8} 26. Bb6 Ra8 27. g3 Be7 28. a5 f5 29. exf5+ gxf5 30. Re1 h5 31. Ka4 Bd6 32. Rb1 Kd7 33. Rd1 Ke6 34. Rb1 Kd7 35. Rb2 (35. Rd1 $5 Ke6 $8 36. Rb1 $11) 35... Rg8 36. Be3 Kc8 37. Bg5 Bc7 38. Rd2 Rg7 39. Rd3 Rd7 40. Rf3 Rf7 41. Rd3 Rd7 42. Rf3 Rf7 43. Rd3 {[%emt 0:01:29] Not much happened in this game.   Weighted Error Value: White=0.03 (flawless) /Black=0.03 (flawless)} 1/2-1/2

[Event "ETCC Open 2023"]
[Site "Budva"]
[Date "2023.11.13"]
[Round "3.31"]
[White "Horvath, Dominik"]
[Black "Sargsyan, Shant"]
[Result "1/2-1/2"]
[ECO "C88"]
[WhiteElo "2549"]
[BlackElo "2625"]
[Annotator "TA"]
[PlyCount "61"]
[EventDate "2023.11.10"]
[EventType "team-tourn"]
[EventCountry "MNE"]
[SourceTitle "playchess.com"]
[Source "ChessBase"]
[SourceQuality "1"]
[WhiteTeam "Austria"]
[BlackTeam "Armenia"]
[WhiteTeamCountry "AUT"]
[BlackTeamCountry "ARM"]
[TimeControl "40/5400+30:1800+30"]

1. e4 e5 2. Nf3 Nc6 3. Bb5 a6 4. Ba4 Nf6 5. O-O Be7 6. Re1 b5 7. Bb3 O-O 8. a4 b4 9. d4 d6 10. dxe5 Nxe5 11. Nxe5 {[%emt 0:00:09] C88: Closed Ruy Lopez: Anti-Marshall Systems.} dxe5 12. Qxd8 Rxd8 13. Nd2 Bc5 14. Nf3 Ng4 {[%emt 0:00:33] [#]} 15. Bg5 $146 ({Predecessor:} 15. Be3 Bxe3 16. fxe3 Rd6 17. Rad1 Be6 18. Rxd6 cxd6 19. Rd1 Rd8 20. h3 Nxe3 21. Rd2 Bxb3 22. cxb3 {½-½ Durarbayli,V (2625)-Vitiugov,N (2711) FIDE Grand Swiss 2023 (1)}) 15... Bxf2+ 16. Kh1 Re8 17. Rf1 Bc5 {[%emt 0:05:46] ...Nf2+ is the strong threat.} 18. h3 {[%emt 0:00:16][%cal Ob3d5] [#] aiming for Bd5!} Nf6 19. Bxf6 gxf6 20. Ng5 Kg7 (20... fxg5 $2 21. Bxf7+ (21. Rxf7 $2 {too greedy.} Be6 $19) 21... Kf8 22. Bd5+ (22. Bxe8+ $2 {is the wrong capture.} Kxe8 23. Rf3 Be7 $19) 22... Ke7 23. Bxa8 $18 (23. Rf7+ Kd6 $14)) 21. Bxf7 Rd8 22. Ne6+ Bxe6 $1 23. Bxe6 Rd2 24. Rf3 Rxc2 25. Raf1 Rf8 26. Rg3+ Kh8 27. b3 a5 28. Rgf3 Kg7 29. Rg3+ Kh8 30. Rgf3 Kg7 31. Rg3+ {[%emt 0:00:06] A balanced but interesting game.   Weighted Error Value: White=0.03 (flawless) /Black=0.04 (flawless)} 1/2-1/2

[Event "ETCC Open 2023"]
[Site "Budva"]
[Date "2023.11.13"]
[Round "3.32"]
[White "Ter-Sahakyan, Samvel"]
[Black "Blohberger, Felix"]
[Result "1-0"]
[ECO "D38"]
[WhiteElo "2618"]
[BlackElo "2513"]
[Annotator "TA"]
[PlyCount "151"]
[EventDate "2023.11.10"]
[EventType "team-tourn"]
[EventCountry "MNE"]
[SourceTitle "playchess.com"]
[Source "ChessBase"]
[SourceQuality "1"]
[WhiteTeam "Armenia"]
[BlackTeam "Austria"]
[WhiteTeamCountry "ARM"]
[BlackTeamCountry "AUT"]
[TimeControl "40/5400+30:1800+30"]

1. d4 Nf6 2. c4 e6 3. Nf3 d5 4. Nc3 Bb4 5. cxd5 exd5 6. Bg5 h6 7. Bh4 O-O {[%emt 0:01:08] D38: Queen's Gambit Declined: Ragozin Defence (4 Nf3 Bb4).} 8. e3 Bf5 9. Qb3 Bxc3+ {[%emt 0:06:12] White has an edge.} 10. bxc3 Nbd7 11. Be2 c5 12. dxc5 g5 13. Bg3 (13. Nd4 $5 Bg6 14. c6 gxh4 15. cxd7 $11) 13... Nxc5 14. Qb4 Nfe4 15. Be5 Rc8 16. O-O a5 17. Qa3 {[%emt 0:01:41] [#]} Bg6 $146 ({Predecessor:} 17... Re8 18. Bd4 Ne6 19. Rac1 Nxd4 20. Nxd4 Bg6 21. Bg4 Rc4 22. Be2 Rc8 23. Qb2 Qd6 24. Qb5 b6 25. Bg4 Rcd8 {½-½ Langer,R (2415)-Malchev,E (2438) GER M/08-B email 2019}) 18. Rad1 g4 19. Nd4 h5 20. Nb3 (20. f3 {feels hotter.} Qe7 21. Bf4 gxf3 22. Nxf3 Rfe8 23. Rxd5 Ne6 24. Qxe7 Rxe7 25. Rxa5 Nxc3 26. Bd1) 20... Re8 21. Nxc5 Rxe5 22. Nxe4 Bxe4 23. Rd4 Qc7 24. Rc1 Qc5 25. Qb2 (25. Qxc5 {simplifies} Rxc5 26. a4 Bf5 27. Kf1) 25... b6 26. a4 Qc6 27. c4 Qg6 28. Rcd1 Rc5 29. cxd5 Rexd5 30. Rxd5 Rxd5 31. Rc1 {[%emt 0:00:19] Threatening mate with Rc8+.} Rc5 {[%emt 0:01:10] Dodges Rc8+} (31... Kh7 $11 {keeps the balance.}) 32. Rd1 (32. Rxc5 $16 {White wants to mate with Rc8+.} bxc5 33. Qb5) 32... Rd5 $11 33. Rc1 $40 {[%emt 0:00:06][%mdl 128] White is up to no good.} (33. Rxd5 $11 Bxd5 34. Qe5) 33... Rc5 $16 34. Rxc5 bxc5 {[%emt 0:00:05][%mdl 4096] Endgame KQB-KQB} 35. Qb5 {[%emt 0:00:56][%csl LRa5,LRc5] Wards off Bd3} Bc6 (35... Qc6 $142) 36. Qxc5 (36. Qxa5 $16 {Hoping for Bf1.} Qf5 37. Bf1) 36... Bxa4 (36... Qe4 $1 $11 37. f3 (37. Qxa5 $2 Qxg2#) (37. Qg5+ Kf8 $16) 37... gxf3 38. gxf3 Qxa4) 37. Qxa5 Bc2 38. Qd8+ Kg7 39. Qd4+ Kg8 40. f3 Bf5 41. Kf2 gxf3 42. Bxf3 Kh7 (42... Qg5 $16 43. h4 Qh6) 43. Qf4 f6 44. h3 Kg7 45. Qc7+ (45. Qh4 $1 $18) 45... Kh6 46. h4 {[%emt 0:00:51] Black must now prevent Qd6. White is more active.} Be6 47. Qf4+ Kg7 48. Be4 (48. Qg3 {simplifies} Qxg3+ 49. Kxg3 Bf7 50. Bb7) 48... Qe8 49. Qc7+ Qd7 50. Qc3 (50. Qxd7+ {simplifies} Bxd7 51. Kf3 Kf7 52. Bd5+) 50... Bf7 51. Qd4 Qg4 52. Bc2 Qe6 53. Qd3 Qc4 54. Qh7+ (54. Qxc4 {simplifies} Bxc4 55. Kf3 Kf7 56. Be4) 54... Kf8 55. Be4 Qa2+ 56. Kg3 Qd2 57. Qh6+ $1 Ke7 58. Qf4 Qe1+ 59. Kh2 Qd2 60. Bf3 {[%emt 0:01:27] aiming for Qe4+.} Qd6 61. Kg3 Qxf4+ (61... Qb6 $142) 62. Kxf4 {[%emt 0:00:04] Kf5 is the strong threat. KB-KB} Kf8 63. e4 Kg7 64. e5 Bg6 {[%emt 0:03:36] [#]} 65. e6 $1 Kf8 66. Be4 Be8 67. Kf5 Ke7 $2 {[%emt 0:00:02][%mdl 8192] A mistake that costs the game.} (67... Kg7 $16 68. Kf4 Kf8) 68. Bd5 {[%emt 0:00:39] White mates.} Bb5 {[%emt 0:00:47] [#]} 69. Kg6 $1 Be2 70. Bf3 Bd3+ 71. Kg7 Bf1 72. g3 Kxe6 73. Bxh5 Ke5 74. Bg6 Be2 75. h5 Bxh5 76. Bxh5 {[%emt 0:00:02] Weighted Error Value: White=0.10 (very precise) /Black=0.11 (very precise)} 1-0

[Event "ETCC Open 2023"]
[Site "Budva"]
[Date "2023.11.13"]
[Round "3.33"]
[White "Radjabov, Teimour"]
[Black "Grandelius, Nils"]
[Result "1/2-1/2"]
[ECO "D45"]
[WhiteElo "2745"]
[BlackElo "2688"]
[Annotator "TA"]
[PlyCount "60"]
[EventDate "2023.11.10"]
[EventType "team-tourn"]
[EventCountry "MNE"]
[SourceTitle "playchess.com"]
[Source "ChessBase"]
[SourceQuality "1"]
[WhiteTeam "Azerbaijan"]
[BlackTeam "Sweden"]
[WhiteTeamCountry "AZE"]
[BlackTeamCountry "SWE"]
[TimeControl "40/5400+30:1800+30"]

1. d4 d5 2. c4 c6 3. Nf3 Nf6 4. Nc3 e6 5. e3 a6 6. b3 Bb4 7. Bd2 Nbd7 8. Bd3 O-O 9. O-O {[%emt 0:11:46][%cal Oc3d5] D45: Semi-Slav: 5 e3.} Qe7 10. Qc2 e5 {[%emt 0:01:41] 10...h6 is vanishing.} 11. dxe5 (11. Nxe5 {keeps more tension.} Nxe5 12. dxe5 Qxe5 13. Nxd5 Nxd5 14. cxd5 Bxd2 15. Qxd2 Qxd5 16. Qc3) 11... Nxe5 12. Nxe5 Qxe5 {[%emt 0:00:05] [#]} 13. Nxd5 $1 Nxd5 14. cxd5 {[%emt 0:00:05][%mdl 64] Discovered Attack} Bxd2 15. Qxd2 Qxd5 {[%emt 0:00:14] ...Bf5 is the strong threat.} 16. Rfd1 {[%emt 0:00:26] [#]} Qe5 $146 ({Predecessor:} 16... Qg5 17. e4 Qe7 18. Qe3 Be6 19. Qb6 Rfd8 20. Bf1 g6 21. f3 Rd7 22. Be2 Rad8 23. Rxd7 Rxd7 {½-½ Liang,C (2515)-Zhou,W (2416) Beijing zt 3.3 2005 (9)}) 17. Qb4 {[%emt 0:06:18][%cal Od3h7] [#] And now Bxh7+! would win.} g6 18. h3 a5 {[%emt 0:02:53] The position is equal.} 19. Qb6 Qg5 20. Bf1 a4 21. Rac1 axb3 22. axb3 Bxh3 23. Qxb7 Be6 24. Qxc6 Bxb3 25. Rd2 Rad8 26. Rxd8 Rxd8 27. Qc5 Qxc5 28. Rxc5 Be6 29. f3 Rc8 30. Rxc8+ Bxc8 {[%emt 0:00:05] An uneventful encounter.   Weighted Error Value: White=0.04 (flawless) /Black=0.00 (flawless)} 1/2-1/2

[Event "ETCC Open 2023"]
[Site "Budva"]
[Date "2023.11.13"]
[Round "3.34"]
[White "Blomqvist, Erik"]
[Black "Mamedyarov, Shakhriyar"]
[Result "0-1"]
[ECO "C10"]
[WhiteElo "2520"]
[BlackElo "2734"]
[Annotator "TA"]
[PlyCount "86"]
[EventDate "2023.11.10"]
[EventType "team-tourn"]
[EventCountry "MNE"]
[SourceTitle "playchess.com"]
[Source "ChessBase"]
[SourceQuality "1"]
[WhiteTeam "Sweden"]
[BlackTeam "Azerbaijan"]
[WhiteTeamCountry "SWE"]
[BlackTeamCountry "AZE"]
[TimeControl "40/5400+30:1800+30"]

1. e4 e6 2. d4 d5 3. Nc3 Nf6 4. Bg5 dxe4 5. Nxe4 Nbd7 6. Nf3 h6 7. Nxf6+ Nxf6 8. Bxf6 Qxf6 9. Qd3 {[%emt 0:04:33] [#] C10: French with 3 Nc3: Unusual Black 3rd moves and 3...dxe4.} Bd6 $146 ({Predecessor:} 9... Be7 10. O-O-O O-O 11. Qe4 Rd8 12. g4 Bd6 13. Ne5 Bxe5 14. Qxe5 Qxe5 15. dxe5 Rxd1+ 16. Kxd1 f6 {0-1 Zawadzka,J (2399)-Rajlich,I (2394) POL-ch (Women) 73rd 2021 (9.3)}) 10. O-O-O Bd7 11. g3 {[%emt 0:14:37][%cal Of3e5] The position is equal.} Bc6 12. Bg2 O-O 13. Qe2 a5 14. Ne1 a4 15. a3 Rfd8 16. f4 Bd5 17. Bxd5 exd5 18. Nf3 Re8 19. Ne5 Qf5 20. Qb5 f6 $1 21. Nd3 Reb8 {[%emt 0:04:32] [#] ...c6 would be deadly.} 22. Nc5 c6 23. Qb6 Qc8 {[%emt 0:00:48] aiming for ...Bc7.} 24. Kb1 $1 Kf7 (24... Bc7 $5 25. Qb4 $8 b5 $11) 25. Rhf1 Qc7 (25... Bc7 $5 26. Qb4 $8 Bd6 $11) 26. Qxc7+ Bxc7 27. Rde1 Bd6 28. Nd3 Re8 29. Kc1 Kg6 30. Kd2 h5 31. Re3 Re4 32. f5+ Kg5 $1 33. h4+ Kh6 {[%emt 0:00:02] [#] Hoping for ...Rae8.} 34. Rxe4 dxe4 $11 {[%emt 0:00:02][%mdl 4096] Endgame KRB-KRN} 35. Nf4 Ra5 36. Ke3 Rb5 37. Kxe4 $2 {[%emt 0:00:32] Now White is beyond hope.} (37. Rb1 $11 {and White is okay.}) 37... Rxb2 $19 38. c4 Rb3 ({Worse is} 38... Bxa3 39. Ra1 Rb3 40. c5 $11) 39. Ne6 (39. c5 {keeps fighting.} Bxf4 40. gxf4) 39... Bxa3 ({And not} 39... Rxg3 40. Rb1 $15) (39... Bxg3 40. Rd1 $15) 40. c5 $2 (40. Rd1 Rb4 41. Kd3) 40... Bb2 {[%emt 0:04:52] Threatens to win with ...a3.} ({Weaker is} 40... Rxg3 41. Rb1 $11) 41. Rg1 a3 42. g4 hxg4 43. Rxg4 Bc1 {[%emt 0:00:26] Weighted Error Value: White=0.70/Black=0.04 (flawless)} 0-1

[Event "ETCC Open 2023"]
[Site "Budva"]
[Date "2023.11.13"]
[Round "3.35"]
[White "Mamedov, Rauf"]
[Black "Hillarp Persson, Tiger"]
[Result "1-0"]
[ECO "B23"]
[WhiteElo "2644"]
[BlackElo "2502"]
[Annotator "TA"]
[PlyCount "57"]
[EventDate "2023.11.10"]
[EventType "team-tourn"]
[EventCountry "MNE"]
[SourceTitle "playchess.com"]
[Source "ChessBase"]
[SourceQuality "1"]
[WhiteTeam "Azerbaijan"]
[BlackTeam "Sweden"]
[WhiteTeamCountry "AZE"]
[BlackTeamCountry "SWE"]
[TimeControl "40/5400+30:1800+30"]

1. e4 c5 2. Nc3 d6 3. Bb5+ Bd7 4. Bxd7+ Qxd7 5. d4 cxd4 6. Qxd4 {[%emt 0:00:03] B23: Closed Sicilian: Lines without g3.} Nc6 7. Qd3 g6 8. Nf3 {[%emt 0:00:23] The position is equal.} Bg7 9. O-O Nf6 10. Bg5 h6 11. Bd2 Rc8 12. h3 {[%emt 0:26:13] [#] Inhibits Ng4.} Nb4 $146 ({Predecessor:} 12... O-O 13. Rad1 Rfd8 14. Be3 e6 15. Rfe1 Na5 16. b3 b6 17. a3 Qb7 18. Nb5 Nxe4 19. Bxh6 Nxf2 20. Kxf2 Bxh6 21. Nxd6 {½-½ Vieth,M (1962)-Schwarte,J (2005) GER MS-157 email 2012}) 13. Qe2 O-O 14. Rad1 (14. Be3 $5 ) 14... Qe6 15. a3 Na2 16. Rfe1 {[%emt 0:05:16] Nb5 is the strong threat.} Nxc3 17. Bxc3 Qa2 18. Qb5 b6 19. e5 Rc5 ({Better is} 19... Ne8 $14) 20. Qa4 $1 $16 {[%emt 0:06:39] White is more active.} Nd5 21. Bd4 (21. Qxa7 $6 Nxc3 22. bxc3 dxe5 $15) 21... Rc4 22. Qxa7 {[%emt 0:04:37] aiming for Ra1.} dxe5 23. Nxe5 ({Of course not} 23. Bxb6 $6 Rxc2 24. Nxe5 Nxb6 25. Qxb6 Qxb2 26. Qxb2 Rxb2 $15) 23... Rxc2 {[%emt 0:00:33][%mdl 8192] [#] A mistake that costs the game.} (23... Bxe5 $16 {is a better chance.} 24. Rxe5 (24. Bxe5 Rxc2 25. Qd7 e6 $16) 24... Rc7) 24. Qa4 $1 $18 Rfc8 {[%emt 0:00:46] [#]} 25. Ra1 $1 Qxa1 (25... Re2 $142 26. Rf1 Qxa1 27. Rxa1 Bxe5) 26. Rxa1 {[%emt 0:00:03] White is clearly winning.} Nf4 27. Re1 Ne2+ 28. Kf1 Nxd4 29. Qxd4 {[%emt 0:00:03] Weighted Error Value: White=0.02 (flawless) /Black=0.39} 1-0